 Dungeon Crawl Stone Soup version 0.31-a0-208-gdb31a4691d (webtiles) character file.

Game seed: 7678428878880179030

15440 Newt the Markskobold (level 12, 0/72 HPs)
             Began as a Kobold Hunter on June 28, 2023.
             Was an Elder of Hepliaklqana.
             Slain by a sixfirhy (10 damage)
             ... in a Gauntlet.
             The game lasted 00:14:16 (11865 turns).

Newt the Markskobold (Kobold Hunter)               Turns: 11865, Time: 00:14:17

Health: 0/72       AC: 10    Str:  8    XL:     12   Next: 57%
Magic:  16/16      EV: 30    Int: 10    God:    Hepliaklqana [****..]
Gold:   767        SH:  0    Dex: 27    Spells: 11/11 levels left

rFire   . . .        a - +1 shortbow
rCold   . . .        (shield currently unavailable)
rNeg    . . .        t - +0 steam dragon scales
rPois   .            (no helmet)
rElec   .            G - +0 cloak
rCorr   .            w - +0 pair of gloves {Dex+3}
SInv    .            i - +1 pair of boots
Will    +....        J - amulet of the acrobat
Stlth   ++++         h - ring of willpower
HPRegen 0.32/turn    x - +5 ring of evasion
MPRegen 0.15/turn

%: no teleportation, acrobat
@: hasted, very quick
A: reduced essence, small, no large weapons, nightstalker 3
a: Renounce Religion, Recall Ancestor, Ancestor Identity, Transference, Idealise


You were in a Gauntlet.
You worshipped Hepliaklqana.
Hepliaklqana was greatly pleased with you.
You visited 3 branches of the dungeon, and saw 13 of its levels.
You also visited: Gauntlet.

You collected 935 gold pieces.
You spent 168 gold pieces at shops.

Inventory:

Hand Weapons
 a - a +1 shortbow (weapon)
Armour
 c - a +0 leather armour
 i - a +1 pair of boots (worn)
 t - +0 steam dragon scales (worn)
 w - a +0 pair of gloves of dexterity (worn)
 G - a +0 cloak (worn)
Jewellery
 h - a ring of willpower (left hand)
 q - a +6 ring of intelligence
 x - a +5 ring of evasion (right hand)
 C - a ring of resist corrosion
 J - an amulet of the acrobat (around neck)
Wands
 e - a wand of iceblast (25)
 r - a wand of charming (16)
 s - a wand of light (12)
 F - a wand of flame (43)
Scrolls
 b - a scroll of butterflies
 d - a scroll of amnesia
 f - 4 scrolls of teleportation
 l - 4 scrolls of revelation
 u - a scroll of immolation
 y - 2 scrolls of noise
 E - a scroll of enchant weapon
 H - 2 scrolls of blinking
Potions
 j - a potion of haste
 k - a potion of mutation
 m - a potion of berserk rage
 n - 2 potions of heal wounds
 o - 2 potions of attraction
 p - a potion of lignification
 v - 2 potions of degeneration
 z - 2 potions of brilliance
 A - a potion of invisibility
 B - a potion of enlightenment {unknown}
 D - 4 potions of might
 I - a potion of curing


   Skills:
 + Level 11.3 Fighting
 - Level 16.0 Ranged Weapons
 - Level 4.0 Armour
 - Level 10.0 Dodging
 - Level 1.3 Stealth
 - Level 6.0 Invocations
 - Level 6.0 Evocations


You had 11 spell levels left.
You didn't know any spells.
Your spell library contained the following spells:

 Spells                   Type           Power      Damage    Failure   Level
 Ensorcelled Hibernation  Hex/Ice        0%         N/A       50%         2
 Passwall                 Tmut/Erth      0%         N/A       50%         2
 Scorch                   Fire           0%         2d5       50%         2
 Sublimation of Blood     Necr           0%         N/A       50%         2
 Swiftness                Air            0%         N/A       75%         3
 Flame Wave               Conj/Fire      0%         2d4       98%         4
 Petrify                  Tmut/Erth      0%         N/A       98%         4
 Irradiate                Conj/Tmut      0%         3d11      100%        5
 Summon Cactus Giant      Summ           0%         N/A       100%        6


Dungeon Overview and Level Annotations

Branches:
Dungeon (9/15)             Temple (1/1) D:4            Lair (3/5) D:9
  Swamp (0/4) Lair:3      Gauntlet (1/1)
  Snake: Lair:2-3    Spider: Lair:2-3       Orc: D:9-12

Altars:
Ashenzari
Cheibriados
Dithmenos
Elyvilon
Fedhas
Gozag
Hepliaklqana
Kikubaaqudgha
Nemelex Xobeh
Okawaru
Qazlal
Ru
Trog
Uskayaw
Vehumet
Wu Jian
Xom
Yredelemnul
Zin
The Shining One

Shops:
D:9 !*

Annotations:
D:2 2 transporters Gauntlet 13 transporters


Innate Abilities, Weirdness & Mutations

Your life essence is reduced to manifest your ancestor. (-10% HP)
You are small and have problems with some larger weapons.
You are completely attuned to the shadows.


Message History

Press: ? - help, Shift-Dir - straight line The mass of ice explodes!
The iceblast engulfs the sixfirhy!
The sixfirhy is almost dead.
The iceblast engulfs the sixfirhy!!
You kill the sixfirhy!
Unknown command.
Unknown command.
Fire: a) +1 shortbow
Press: ? - help, Shift-Dir - straight line, f - sixfirhy
Aim: a sixfirhy (almost dead, 54% to hit)
You shoot an arrow. The arrow closely misses the sixfirhy.
Unknown command.
Fire: a) +1 shortbow
Press: ? - help, Shift-Dir - straight line, f/p - sixfirhy
Aim: a sixfirhy (almost dead, 54% to hit)
You shoot an arrow. The arrow hits the sixfirhy.
The sixfirhy is almost dead.
The sixfirhy enters a dispersal trap!
You blink.
The sixfirhy blinks!
Unknown command.
Fire: a) +1 shortbow
Press: ? - help, Shift-Dir - straight line, f/p - sixfirhy
Aim: a sixfirhy (almost dead, 54% to hit)
You shoot an arrow. The arrow closely misses the sixfirhy.
The sixfirhy completely misses you. The sixfirhy barely misses you.
Unknown command.
Fire: a) +1 shortbow
Press: ? - help, Shift-Dir - straight line, f/p - sixfirhy
Aim: a sixfirhy (almost dead, 54% to hit)
You shoot an arrow. The arrow closely misses the sixfirhy.
The sixfirhy hits you. The sixfirhy shocks you!
* * * LOW HITPOINT WARNING * * *
The sixfirhy misses you.
Fire: a) +1 shortbow
Press: ? - help, Shift-Dir - straight line, f/p - sixfirhy
Aim: a sixfirhy (almost dead, 54% to hit)
You shoot an arrow. The arrow barely misses the sixfirhy.
The sixfirhy hits you.
* * * LOW HITPOINT WARNING * * *
The sixfirhy shocks you!
You die...

#..#.#..###############
####.#..............#8#
8≈≈#.#..............####
####.#############....≈###
....©...........©#.....#8#
######################.###
)b##....b#.#.........#.#
=##.###..#.#........^#.###
.#.##.##.#.#.^#.@.#..#.#8#
.#. .#.#.#^....3...#.###
.#. .#t#.#....©....#.# .#.
.#t#.#..^§....^#.###
.##.##.#.#.#..#§..#..#.#8#
..###.##t#.#^^....^.^#.###
b....##h##.#..[[©.?..#.#
##########.###########.###
.......................#8#


You could see a sixfirhy.

Vanquished Creatures
  A hydra (Lair:2)
  A boulder beetle (Lair:3)
  A fire crab (Gauntlet)
  2 sixfirhies (Gauntlet)
  Maurice (D:8)
  5 cane toads
  2 komodo dragons (Lair:1)
  A polar bear (Lair:2)
  4 blink frogs (Lair:1)
  Sigmund (D:3)
  A wyvern (Lair:1)
  3 fire bats (Gauntlet)
  7 yaks
  A steam dragon (D:6)
  A warg (D:9)
  7 water moccasins
  2 black bears
  An ice beast (D:5)
  3 orc warriors
  A sky beast (D:7)
  3 wolves
  2 centaurs
  2 kobold brigands
  11 bullfrogs
  8 wights
  2 killer bees (D:8)
  An electric eel (D:7)
  A howler monkey (D:6)
  8 orc priests
  A gnoll bouda (D:8)
  2 hounds
  4 iguanas
  A sleepcap (D:6)
  Ijyb (D:4)
  3 orc wizards
  7 gnolls
  7 adders
  2 white imps
  4 ufetubi
  2 dart slugs
  22 orcs
  8 endoplasms
  A giant cockroach (D:1)
  6 goblins
  7 hobgoblins
  2 jackals (D:4)
  12 kobolds
  3 quokkas
  6 ball pythons
  5 bats
  2 frilled lizards
  2 rats
194 creatures vanquished.

Vanquished Creatures (collateral kills)
  Erica (D:8)
  A sixfirhy (Gauntlet)
  A torpor snail (Lair:2)
  A cane toad (Lair:1)
  A komodo dragon (Lair:1)
  A hornet (D:9)
  A blink frog (Lair:1)
  A fire bat (Gauntlet)
  A yak (Lair:2)
  A warg (D:9)
  A water moccasin (D:8)
  A black bear (Lair:1)
  A bullfrog (Lair:2)
  5 wights
  A killer bee (D:8)
  An electric eel (Lair:1)
  A hound (D:6)
  3 orc wizards
  A sleepcap (D:6)
  2 ufetubi (Gauntlet)
  2 orcs
  2 kobolds (D:6)
31 creatures vanquished.

Vanquished Creatures (others)
  5 knights
  3 ancestors
8 creatures vanquished.

Grand Total: 233 creatures vanquished

Notes
Turn   | Place    | Note
-------+----------+-------------------------------------------
     0 | D:1      | Newt the Kobold Hunter began the quest for the Orb.
     0 | D:1      | Reached XP level 1. HP: 12/12 MP: 1/1
   130 | D:1      | Reached XP level 2. HP: 18/18 MP: 2/2
   573 | D:1      | Found a faded altar of an unknown god.
  1044 | D:2      | Reached XP level 3. HP: 24/24 MP: 3/3
  1333 | D:2      | Found a transporter.
  1423 | D:2      | Found a transporter.
  1788 | D:3      | Found an opulent altar of Gozag.
  1842 | D:3      | Reached XP level 4. HP: 30/30 MP: 4/4
  2132 | D:3      | Noticed Sigmund
  2140 | D:3      | Killed Sigmund
  2141 | D:3      | Reached skill level 5 in Fighting
  2141 | D:3      | Reached skill level 7 in Ranged Weapons
  2141 | D:3      | Reached XP level 5. HP: 28/35 MP: 5/5
  2141 | D:3      | Reached XP level 6. HP: 32/40 MP: 6/6
  2778 | D:3      | Reached skill level 8 in Ranged Weapons
  3352 | D:4      | Found a glowing golden altar of the Shining One.
  3417 | D:4      | Found a staircase to the Ecumenical Temple.
  3430 | Temple   | Entered the Ecumenical Temple
  3435 | Temple   | Became a worshipper of Hepliaklqana the Forgotten
  4043 | D:4      | Noticed Ijyb
  4065 | D:4      | Killed Ijyb
  4457 | D:5      | Entered Level 5 of the Dungeon
  4473 | D:5      | Reached XP level 7. HP: 44/44 MP: 7/7
  4578 | D:5      | Reached skill level 9 in Ranged Weapons
  4630 | D:5      | Reached * piety under Hepliaklqana
  4817 | D:5      | Reached skill level 10 in Ranged Weapons
  5143 | D:6      | Noticed a steam dragon
  5144 | D:6      | Noticed a water moccasin
  5153 | D:6      | Killed a water moccasin
  5166 | D:6      | Killed a steam dragon
  5167 | D:6      | Reached skill level 5 in Dodging
  5167 | D:6      | Reached XP level 8. HP: 9/44 MP: 8/8
  5554 | D:6      | Reached skill level 11 in Ranged Weapons
  5715 | D:6      | Reached skill level 12 in Ranged Weapons
  5715 | D:6      | Reached XP level 9. HP: 44/48 MP: 9/9
  6085 | D:6      | Reached ** piety under Hepliaklqana
  6086 | D:6      | Remembered your ancestor Atia as a knight
  6230 | D:7      | Identified a scroll of acquirement
  6230 | D:7      | Acquired a +0 pair of gloves of dexterity
  6297 | D:7      | Found a snail-covered altar of Cheibriados.
  6402 | D:7      | Reached skill level 13 in Ranged Weapons
  6605 | D:7      | Reached skill level 14 in Ranged Weapons
  6641 | D:7      | Reached skill level 1 in Armour
  7287 | D:8      | Identified the +7 plate armour of Mental Paralysis {rCorr
                  | Int+3 Slay-3}
  7342 | D:8      | Found a glowing silver altar of Zin.
  7584 | D:8      | Noticed Maurice
  7590 | D:8      | Killed Maurice
  7591 | D:8      | Reached XP level 10. HP: 54/54 MP: 10/10
  7677 | D:8      | Noticed Erica
  7696 | D:8      | Killed Erica
  7924 | D:8      | Found an ornate altar of the Wu Jian Council.
  8115 | D:9      | Found Ifesy's Changing Room.
  8348 | D:9      | Reached skill level 5 in Evocations
  8393 | D:9      | Found a staircase to the Lair.
  8493 | D:9      | Found Zodenexy's Distillery.
  8499 | D:9      | Bought a potion of might for 48 gold pieces
  8499 | D:9      | Bought a potion of haste for 120 gold pieces
  8844 | D:9      | Reached *** piety under Hepliaklqana
  8947 | Lair:1   | Entered Level 1 of the Lair of Beasts
  8947 | Lair:1   | Noticed a komodo dragon
  8979 | Lair:1   | Killed a komodo dragon
  9003 | Lair:1   | Reached skill level 15 in Ranged Weapons
  9003 | Lair:1   | Reached XP level 11. HP: 61/61 MP: 8/11
  9176 | D:9      | Reached skill level 16 in Ranged Weapons
  9755 | Lair:1   | Reached skill level 10 in Dodging
  9755 | Lair:1   | Reached skill level 1 in Invocations
 10231 | Lair:1   | Reached **** piety under Hepliaklqana
 10730 | Lair:2   | Reached skill level 5 in Invocations
 10741 | Lair:2   | Reached XP level 12. HP: 65/65 MP: 14/16
 10833 | Lair:2   | Noticed a five-headed hydra
 10840 | Lair:2   | Killed a five-headed hydra
 10932 | Lair:2   | Noticed a boulder beetle
 10933 | Lair:2   | Noticed a skyshark
 10962 | Lair:3   | Killed a boulder beetle
 11033 | Lair:3   | Found a gate leading to a gauntlet.
 11039 | Gauntlet | Entered a Gauntlet
 11039 | Gauntlet | Found a transporter.
 11044 | Gauntlet | Noticed a sixfirhy
 11077 | Gauntlet | Noticed a fire crab
 11088 | Gauntlet | Found a transporter.
 11096 | Gauntlet | Found a transporter.
 11102 | Gauntlet | Found a transporter.
 11111 | Gauntlet | Noticed a sixfirhy
 11112 | Gauntlet | Noticed a sixfirhy
 11113 | Gauntlet | Noticed a sixfirhy
 11124 | Gauntlet | Found a transporter.
 11133 | Gauntlet | Found a transporter.
 11148 | Gauntlet | Found a transporter.
 11175 | Gauntlet | Found a transporter.
 11187 | Gauntlet | Found a transporter.
 11187 | Gauntlet | Noticed a hell hog
 11199 | Gauntlet | Found a transporter.
 11222 | Gauntlet | Found a transporter.
 11234 | Gauntlet | Found a transporter.
 11243 | Gauntlet | Found a transporter.
 11266 | Gauntlet | Found a transporter.
 11320 | Gauntlet | Noticed a fire crab
 11384 | Gauntlet | Noticed a blizzard demon
 11386 | Gauntlet | Found a transporter.
 11524 | Gauntlet | Found a transporter.
 11535 | Gauntlet | Killed a sixfirhy
 11545 | Gauntlet | Found a transporter.
 11624 | Gauntlet | Found a transporter.
 11657 | Gauntlet | Reached skill level 10 in Fighting
 11675 | Gauntlet | Killed a fire crab
 11853 | Gauntlet | Killed a sixfirhy
 11860 | Gauntlet | Killed a sixfirhy
 11865 | Gauntlet | Slain by a sixfirhy

Illustrated notes

Levels and vault maps discovered:
D:1:      sevenhm_arrival_forest_fort_small_4, layout_loops_ring,
          shapermc_ecumenical_altar_mp_ritualfount
D:2:      layout_loops_cross, serial_shops, nicolae_shop_drivethru
D:3:      layout_basic, amcnicky_altar_gilded, serial_aquarium,
          aquarium_bridge_square [aquarium_subvault_bridge,
          aquarium_subvault_balcony, aquarium_subvault_wall,
          aquarium_subvault_bridge], aquarium_window_fake, aquarium_window_1,
          aquarium_view_2g, aquarium_balcony_1b, uniq_sigmund
D:4:      layout_cave_pods, nicolae_tso_carved_into_rock,
          minmay_temple_entry_glassed_door, uniq_ijyb
D:5:      layout_gridville
D:6:      layout_basic
D:7:      layout_loops_ring, mainiacjoe_overflow_six_doors_small,
          lightli_minifort
D:8:      layout_rooms, nicolae_wu_jian_immortal_techniques, zin_academy,
          uniq_erica, uniq_maurice
D:9:      layout_gridville, erik_lair_orcish_takeover, serial_shops,
          nicolae_lakefront_shop, nicolae_transmutations_shop
Temple:   sentei_temple_godly_chess
Lair:1:   layout_regular_city, beast_lair_carwin_10, grunt_megastairs_2,
          serial_bayou_shore_a
Lair:2:   layout_roguey, spider_nest_entry_web_field, st_stairs_13,
          minmay_holes, infiniplex_staircase_pool_2, lemuel_fruit_fields
Lair:3:   layout_chaotic_city, nicolae_swamp_entry_spooky,
          gauntlet_entry_generic, gammafunk_ghost_cemetery,
          nicolae_quartered_pool_impasse, pf_torpor_hydra, uniq_nessos,
          uniq_nergalle
Gauntlet: gammafunk_gauntlet_one_two_three [gammafunk_gauntlet_arena_grid,
          gammafunk_gauntlet_arena_mazey, nicolae_gauntlet_arena_quarters,
          gammafunk_gauntlet_arena_hedges, gammafunk_gauntlet_arena_spirals,
          gammafunk_gauntlet_arena_split_x, nicolae_gauntlet_arena_x,
          gammafunk_gauntlet_arena_crates, nicolae_gauntlet_arena_grate_2,
          nicolae_gauntlet_exit_dead_adventurers]

Skill      XL: |  1  2  3  4  5  6  7  8  9 10 11 12 |
---------------+-------------------------------------+-----
Fighting       | 3 4 5 6 8 11 | 11.3
Ranged Weapons | 7 8 10 12 14 15 16 | 16.0
Dodging        | 5 6 10 | 10.0
Armour         | 4 |  4.0
Evocations     | 6 |  6.0
Invocations    | 5 6 |  6.0
Stealth        | |  1.3

Action                     |  1- 3 |  4- 6 |  7- 9 | 10-12 || total
---------------------------+-------+-------+-------+-------++-------
  Melee: Shortbow          |       |       |       |     1 ||     1
   Fire: Shortbow          |    66 |   118 |   256 |   466 ||   906
 Invoke: Ancestor Life: Kn |       |       |     1 |       ||     1
         Recall Ancestor   |       |       |       |     4 ||     4
  Evoke: Wand              |       |       |     3 |     6 ||     9
    Use: Scroll            |     6 |     6 |     7 |     5 ||    24
         Potion            |       |       |     2 |     4 ||     6
 Armour: Leather armour    |     9 |     7 |     4 |       ||    20
         Steam dragon scal |       |       |     4 |    30 ||    34
  Dodge: Dodged            |    21 |    38 |    50 |   242 ||   351

Table legend: (Time is in decaauts)
 A = Elapsed time spent in this place.
 B = Non-inter-level travel time spent in this place.
 C = Inter-level travel time spent in this place.
 D = Time resting spent in this place.
 E = Time spent auto-exploring this place.
 F = Levels seen in this place.
 G = Mean time per level.
                   A        B        C        D        E       F      G
               +--------+--------+--------+--------+--------+-----+--------+
         Total |  11743 |  11451 |    292 |   1906 |   8059 |  14 |  838.8 |
       Dungeon |   9217 |   8969 |    248 |   1544 |   6484 |   9 | 1024.1 |
        Temple |      9 |      5 |      4 |      0 |      1 |   1 |    9.0 |
          Lair |   1710 |   1671 |     39 |    162 |   1177 |   3 |  570.0 |
      Gauntlet |    805 |    805 |      0 |    200 |    397 |   1 |  805.0 |
               +--------+--------+--------+--------+--------+-----+--------+

Top non-repeatable levels by time:
     D:3: 1463 daAuts
     D:4: 1409 daAuts
  Lair:1: 1268 daAuts
     D:9: 1172 daAuts
     D:6: 1106 daAuts
     D:7: 996 daAuts
     D:1: 892 daAuts
     D:8: 835 daAuts
Gauntlet: 805 daAuts
     D:2: 715 daAuts
     D:5: 626 daAuts
  Lair:2: 357 daAuts
  Lair:3: 85 daAuts
  Temple: 9 daAuts
